 Dungeon Crawl Stone Soup version 0.14-a0-226-gcf818b1 (webtiles) character file.

2344 Malachi the Cleaver (level 9, -4/76 HPs)
             Began as a Deep Dwarf Berserker on Oct 10, 2013.
             Was a Believer of Trog.
             Slain by an ogre
             ... wielding a +0,+0 great mace
              (12 damage)
             ... on Level 7 of the Dungeon.
             The game lasted 00:11:18 (4241 turns).

Malachi the Cleaver (Deep Dwarf Berserker)          Turns: 4241, Time: 00:11:18

HP  -4/76        AC 12     Str 25      XL: 9   Next:  6%
MP   8/8         EV  3     Int  9      God: Trog [**....]
Gold 267         SH 20     Dex 10      Spells:  0 memorised,  8 levels left

Res.Fire  : . . .   See Invis. : .   a - +0,+1 dwarf hand axe (curse)
Res.Cold  : . . .   Warding    : +   m - +0 plate armour (curse)
Life Prot.: + . .   Conserve   : .   p - +0 orc shield
Res.Poison: .       Res.Corr.  : .   r - +0 plumed helmet
Res.Elec. : .       Clarity    : .   (no cloak)
Sust.Abil.: . .     Spirit.Shd : .   (no gloves)
Res.Mut.  : .       Stasis     : .   (no boots)
Res.Rott. : .       Flight     : .   t - amulet of warding
Saprovore : . . .                    (no ring)
                                     (no ring)

@: non-regenerating, exhausted, slowed, very slow, somewhat resistant to hostile
enchantments, extremely unstealthy
A: damage resistance, recharge devices, sense surroundings 2, slow healing 3,
slow metabolism 1, Int +2, Dex -2
a: Device Recharging, Burn Spellbooks, Berserk, Trog's Hand, Renounce Religion


You were on level 7 of the Dungeon.
You worshipped Trog.
Trog was pleased with you.
You were not hungry.

You visited 1 branch of the dungeon, and saw 7 of its levels.

You collected 247 gold pieces.

Inventory:

Hand weapons
 a - a cursed +0,+1 dwarven hand axe (weapon)
Missiles
 i - 2 tomahawks (quivered)
Armour
 b - a +0 animal skin
 m - a cursed +0 plate armour (worn)
 p - a +0 orcish shield (worn)
 r - a +0 plumed helmet (worn)
Magical devices
 c - a wand of heal wounds (4)
 f - a wand of digging (7)
 q - a wand of polymorph (10) {unknown}
Comestibles
 d - 6 bread rations
Scrolls
 e - 2 scrolls of enchant weapon II
 g - 4 scrolls of remove curse
 o - 2 scrolls of teleportation
 s - 3 scrolls of random uselessness
Jewellery
 h - an uncursed ring of wizardry
 j - a +1 ring of protection
 t - an amulet of warding (around neck)
 v - an uncursed amulet of conservation
Potions
 n - a potion of restore abilities
 u - a potion of speed


   Skills:
 - Level 2.6 Fighting
 * Level 12.2 Axes
 - Level 2.1 Armour
 - Level 2.1 Dodging
 - Level 0.6 Stealth
 + Level 4.5 Shields


You had 8 spell levels left.
You didn't know any spells.

Dungeon Overview and Level Annotations

Branches:
Dungeon (7/27)             Temple (0/1) D:4
    Orc: D:6-11

Altars:
the Shining One

Annotations:
D:7 Edmund


Innate Abilities, Weirdness & Mutations

You are resistant to damage.
You can recharge devices by infusing magical energy.
You passively map the area around you.
You do not heal naturally.
Your mind is acute. (Int +2)
You are clumsy. (Dex -2)
You have a slow metabolism.


Message History

There are monsters nearby!
The ogre shouts!
You see here a scroll of remove curse.
g - 4 scrolls of remove curse (gained 1) Edmund says, "I might not be good at magic, but I can still kill you!"
Edmund hits you with a dire flail.
Use which ability? (? or * to list) You're too exhausted to go berserk.
Eat which item? (? for menu, Esc to quit)
Edmund hits you with a dire flail.
You continue eating.
The ogre hits you with a great mace! Edmund hits you but does no damage.
Edmund hits you but does no damage.
You continue eating.
The ogre hits you with a great mace! Edmund hits you but does no damage.
The ogre hits you with a great mace!
* * * LOW HITPOINT WARNING * * *
You continue eating.
You block Edmund's attack. The ogre hits you with a great mace!
You die...

#...............##
**.......(.......#.##
..................# **
.................###
..(................#
..................##
....................**
...........O......., ,
.........@@.......,, ,
.........###...... *
........## #.... , ,
)......# O.., * ,
......# * , . , , ,
,......** , * , ,
..... , , * , , . ., ,
, , , , ,,,


You could see Edmund and an ogre.

Vanquished Creatures
  Pikel (D:4)
  Eustachio (D:5)
  Menkaure (D:5)
  2 phantoms
  2 ogres (D:5)
  Sigmund (D:6)
  A centaur (D:5)
  A giant frog (D:6)
  4 killer bees
  2 crimson imps
  A black bear zombie (D:5)
  4 scorpions
  2 iguanas
  8 worker ants
  A worker ant zombie (D:6)
  3 gnolls (D:3)
  5 adders
  3 giant mites
  A goliath beetle zombie (D:5)
  3 worms
  2 adder zombies (D:6)
  A giant eyeball (D:5)
  3 giant geckos
  4 orcs
  A bat zombie (D:5)
  12 hobgoblins
  10 kobolds
  4 quokkas
  2 ball pythons
  9 bats
  2 giant cockroaches (D:1)
  A giant gecko skeleton (D:4)
  A giant newt (D:1)
  4 goblins
  A goblin skeleton (D:4)
  2 kobold skeletons (D:4)
  A kobold zombie (D:6)
  An orc skeleton (D:5)
  10 rats
118 creatures vanquished.

Vanquished Creatures (others)
  A quokka (D:4)
  2 butterflies (D:4)
  A fungus (D:4)
4 creatures vanquished.

Grand Total: 122 creatures vanquished

Notes
Turn   | Place    | Note
--------------------------------------------------------------
     0 | D:1      | Malachi, the Deep Dwarf Berserker, began the quest for the Orb.
     0 | D:1      | Reached XP level 1. HP: 21/21 MP: 0/0
   258 | D:1      | Reached XP level 2. HP: 24/28 MP: 1/1
   259 | D:1      | Reached skill level 4 in Axes
   376 | D:1      | Acquired Trog's second power
   660 | D:2      | Reached XP level 3. HP: 20/34 MP: 2/2
  1084 | D:2      | Reached skill level 5 in Axes
  1722 | D:3      | Reached XP level 4. HP: 26/43 MP: 3/3
  1978 | D:4      | Noticed a phantom
  2039 | D:4      | Killed a phantom
  2039 | D:4      | Reached skill level 6 in Axes
  2039 | D:4      | Reached XP level 5. HP: 11/49 MP: 4/4
  2072 | D:4      | Noticed Pikel
  2072 | D:4      | Noticed a slave
  2072 | D:4      | Noticed a slave
  2072 | D:4      | Noticed a slave
  2072 | D:4      | Noticed a slave
  2094 | D:4      | Killed Pikel
  2094 | D:4      | Reached skill level 9 in Axes
  2094 | D:4      | Reached skill level 1 in Shields
  2094 | D:4      | Reached XP level 6. HP: 20/56 MP: 5/5
  2094 | D:4      | Reached XP level 7. HP: 22/63 MP: 6/6
  2214 | D:4      | Gained mutation: You have a slow metabolism. [potion of mutation]
  2214 | D:4      | Gained mutation: Your mind is acute. (Int +2) [potion of mutation]
  2214 | D:4      | Gained mutation: You are clumsy. (Dex -2) [potion of mutation]
  2508 | D:4      | Found a staircase to the Ecumenical Temple.
  2940 | D:5      | Entered Level 5 of the Dungeon
  2940 | D:5      | Noticed Eustachio
  2952 | D:5      | Killed Eustachio
  2952 | D:5      | Reached skill level 10 in Axes
  2999 | D:5      | Reached XP level 8. HP: 60/70 MP: 7/7
  3250 | D:5      | Noticed Menkaure
  3252 | D:5      | Paralysed by a giant eyeball for 3 turns
  3263 | D:5      | Killed Menkaure
  3295 | D:5      | Reached skill level 11 in Axes
  3789 | D:6      | Noticed Sigmund
  3803 | D:6      | Killed Sigmund
  3877 | D:6      | Found a glowing golden altar of the Shining One.
  4092 | D:6      | Reached skill level 12 in Axes
  4160 | D:6      | Gained mutation: You passively map the area around you. [level up]
  4160 | D:6      | Reached XP level 9. HP: 46/76 MP: 8/8
  4234 | D:7      | Noticed Edmund
  4241 | D:7      | Slain by an ogre

Action                   |  1- 3 |  4- 6 |  7- 9 || total
-------------------------+-------+-------+-------++-------
Melee: Hand axe          |   125 |    75 |   300 ||   500
Invok: Trog's Hand       |     1 |     3 |    11 ||    15
       Berserk           |       |     1 |     7 ||     8
Evoke: Wand              |       |       |     1 ||     1
  Use: Potion            |     3 |     1 |     3 ||     7
       Scroll            |       |       |    11 ||    11
